 Dungeon Crawl Stone Soup version 0.13.1-28-g3517093 (console) character file.

6054 stopandthink the Cleaver (level 10, -1/85 HPs)
             Began as a Centaur Berserker on Mar 18, 2014.
             Was a High Priest of Trog.
             Killed from afar by elenap21's ghost (21 damage)
             ... with a bolt of lightning
             ... on Level 3 of the Lair of Beasts.
             The game lasted 00:29:14 (4061 turns).

stopandthink the Cleaver (Centaur Berserker)        Turns: 4061, Time: 00:29:14

HP  -1/85        AC 13     Str 21      XL: 10   Next: 47%
MP   6/6         EV  3     Int  9      God: Trog [*****.]
Gold 378         SH  0     Dex  8      Spells:  0 memorised,  9 levels left

Res.Fire  : . . .   See Invis. : .   a - +0 hand axe {=f}
Res.Cold  : . . .   Warding    : .   m - +1 dwarf plate armour
Life Prot.: . . .   Conserve   : .   (no shield)
Res.Poison: .       Res.Corr.  : .   b - +2 helmet
Res.Elec. : .       Clarity    : .   (no cloak)
Sust.Abil.: . .     Spirit.Shd : .   (no gloves)
Res.Mut.  : .       Stasis     : .   (no barding)
Res.Rott. : .       Flight     : .   t - amulet of the gourmand
Gourmand  : +                        (no ring)
                                     e - ring of flight

@: recuperating, exhausted, badly diseased, slowed, very resistant to hostile
enchantments, extremely unstealthy
A: hooves 3, deformed body, herbivore 1, speed 2, fast metabolism 1, +10% hp,
tough skin 3, evolution 1
a: Burn Spellbooks, Berserk, Trog's Hand, Brothers in Arms, Renounce Religion,
Evoke Flight


You were on level 3 of the Lair of Beasts.
You worshipped Trog.
Trog was extremely pleased with you.
You were near starving.

You visited 2 branches of the dungeon, and saw 14 of its levels.

You collected 358 gold pieces.

Inventory:

Hand weapons
 a - a +0,+0 hand axe (weapon) {=f}
 q - a +0,+0 dwarven hand axe (quivered)
Armour
 b - a +2 helmet (worn)
 m - a +1 dwarven plate armour (worn)
 v - a +0 dwarven large shield
Magical devices
 g - a wand of confusion (7)
 k - a wand of disintegration (5)
 u - a wand of draining (1)
Comestibles
 c - 5 bread rations
 f - 3 meat rations
Scrolls
 r - 3 scrolls of enchant armour
Jewellery
 e - a ring of flight (left hand)
 t - an amulet of the gourmand (around neck)
Potions
 i - a potion of speed {unknown}
 j - 2 potions of agility {unknown}
 l - 3 potions of curing {unknown}
 o - a potion of magic
Books
 d - a book of Transfigurations

   Spells                             Type                      Level
   Stoneskin                          Transmutation/Earth          2
   Polymorph                          Hexes/Transmutation          4
   Ice Form                           Ice/Transmutation            4
   Statue Form                        Transmutation/Earth          6
   Dragon Form                        Transmutation                7
   Trog disapproves of the use of such an item.
 p - a book of Fire

   Spells                             Type                      Level
   Fire Brand                         Charms/Fire                  2
   Ignite Poison                      Fire/Transmutation           5
   Fireball                           Conjuration/Fire             5
   Bolt of Fire                       Conjuration/Fire             6
   Delayed Fireball                   Conjuration/Fire             7
   Ring of Flames                     Charms/Fire                  7
   Trog disapproves of the use of such an item.
 s - a book of Wizardry

   Spells                             Type                      Level
   Summon Elemental                   Summoning                    4
   Agony                              Necromancy                   5
   Force Lance                        Conjuration                  5
   Fireball                           Conjuration/Fire             5
   Haste                              Charms                       6
   Invisibility                       Hexes                        6
   Trog disapproves of the use of such an item.


   Skills:
 - Level 3.0 Fighting
 + Level 14.0 Axes
 - Level 1.3 Armour
 - Level 1.3 Dodging


You had 9 spell levels left.
You didn't know any spells.

Dungeon Overview and Level Annotations

Branches:
Dungeon (9/27)               Lair (5/8) D:9
 Temple: D:4-7          Orc: D:6-11       Swamp: Lair:3-6    Shoals: Lair:3-6
  Snake: Lair:3-6    Spider: Lair:3-6

Altars:

Annotations:
Lair:3 elenap21's ghost, powerful TeAE


Innate Abilities, Weirdness & Mutations

You have hooves in place of feet.
Armour fits poorly on your strangely shaped body.
You digest meat inefficiently.
You cover ground very quickly.
You have a fast metabolism.
You have extremely tough skin (AC +3).
You are robust (+10% HP).
You evolve.


Message History

* * * LOW HITPOINT WARNING * * *
Drop what? (_ for help) (? for menu, Esc to quit)
You drop a scroll of curse weapon.
* * * LOW HITPOINT WARNING * * *
You feel sick.
You feel better. The yak gores you!
* * * LOW HITPOINT WARNING * * *
You completely miss the yak. You kick the yak.
The yak is severely wounded.
The yak gores you but does no damage.
You slash the yak!
The yak is almost dead.
The yak gores you but does no damage.
Your plate armour prevents you from hitting the yak.
The yak is almost dead.
Your surroundings suddenly seem different.
Elenap21's ghost casts a spell at you. The bolt of lightning hits you!
You die...

#.....P≈≈≈≈≈....
##...............
................#
......$......p.###
#....!........[...#
....>.........%...#
..................#
.....f........p..### ..
f.......@....>...P# ...
.................f# ....
................### .....
.................#
.......................#.#
......................####
....................###
....................#
.................#.##


You could see elenap21's ghost.

Vanquished Creatures
  The ghost of WrathOfTrog the Chopper, an experienced CeBe of Trog (D:7)
  Grinder (D:4)
  2 two-headed ogres
  2 komodo dragons
  The ghost of silence the Chopper, an average CeBe of Trog (D:8)
  A shark (D:9)
  5 yaks
  A soldier ant (Lair:5)
  2 nagas (Lair:3)
  A black bear (D:7)
  A porcupine (Lair:3)
  2 ice beasts
  3 orc warriors
  2 ogres
  4 sky beasts
  A big kobold (D:8)
  A water moccasin (Lair:3)
  Blork the orc (D:6)
  2 giant frogs
  The ghost of silence the Chopper, a weakling CeBe of Trog (D:3)
  2 electric eels (D:9)
  3 killer bees (D:8)
  A troll zombie (D:7)
  2 crimson imps
  A jelly (D:3)
  A gnoll shaman (D:6)
  3 orc priests
  2 scorpions
  4 iguanas
  9 orc wizards
  5 worker ants
  Ijyb (D:5)
  An ogre skeleton (D:6)
  12 gnolls
  11 adders
  A worm (D:7)
  2 giant geckos (D:3)
  26 orcs
  A ball python (D:4)
  A giant cockroach (D:3)
  4 hobgoblins
  8 jackals
  9 kobolds
  A quokka (Lair:4)
  10 bats
  5 giant newts
  8 goblins
  A jackal skeleton (D:4)
  A quokka skeleton (D:7)
  8 rats
179 creatures vanquished.

Vanquished Creatures (others)
  A hound (D:4)
  An iguana (D:4)
  An adder (D:4)
  A worm (D:4)
  An orc (D:4)
  3 jackals (D:4)
  A kobold (D:8)
  2 bats (D:4)
  A giant gecko (D:4)
  A goblin (D:4)
  A quokka (D:4)
  A rat (D:4)
15 creatures vanquished.

Grand Total: 194 creatures vanquished

Notes
Turn   | Place    | Note
--------------------------------------------------------------
     0 | D:1      | stopandthink, the Centaur Berserker, began the quest for the Orb.
     0 | D:1      | Reached XP level 1. HP: 19/19 MP: 0/0
   155 | D:1      | Reached XP level 2. HP: 23/26 MP: 1/1
   289 | D:2      | Acquired Trog's second power
   289 | D:2      | Reached XP level 3. HP: 33/33 MP: 2/2
   290 | D:2      | Reached skill level 4 in Axes
   388 | D:3      | Reached XP level 4. HP: 39/39 MP: 2/2
   498 | D:3      | Noticed silence's ghost (weakling CeBe)
   511 | D:3      | Killed silence's ghost
   511 | D:3      | Reached skill level 5 in Axes
   511 | D:3      | Reached XP level 5. HP: 32/45 MP: 3/3
   775 | D:3      | Reached skill level 6 in Axes
   900 | D:4      | Noticed Grinder
   909 | D:4      | Reached XP level 6. HP: 52/52 MP: 4/4
   922 | D:4      | Killed Grinder
   922 | D:4      | Reached skill level 7 in Axes
  1058 | D:4      | Reached XP level 7. HP: 58/58 MP: 4/4
  1281 | D:5      | Entered Level 5 of the Dungeon
  1446 | D:6      | Reached skill level 8 in Axes
  1560 | D:7      | Noticed Blork the orc
  1593 | D:6      | Killed Blork the orc
  1598 | D:6      | Acquired Trog's third power
  1694 | D:6      | Reached skill level 9 in Axes
  1694 | D:6      | Reached XP level 8. HP: 58/66 MP: 5/5
  1751 | D:5      | Noticed Ijyb
  1772 | D:5      | Killed Ijyb
  2050 | D:7      | Reached skill level 10 in Axes
  2101 | D:7      | Noticed WrathOfTrog's ghost (experienced CeBe)
  2116 | D:7      | Killed WrathOfTrog's ghost
  2202 | D:7      | Reached skill level 11 in Axes
  2202 | D:7      | Reached XP level 9. HP: 47/71 MP: 6/6
  2535 | D:8      | Noticed silence's ghost (average CeBe)
  2558 | D:8      | Killed silence's ghost
  2603 | D:6      | Reached skill level 12 in Axes
  3121 | D:8      | Gained mutation: You evolve. [potion of beneficial mutation]
  3122 | D:8      | Gained mutation: You are robust (+10% HP). [potion of beneficial mutation]
  3188 | D:8      | Reached skill level 13 in Axes
  3201 | D:9      | Reached XP level 10. HP: 83/85 MP: 6/6
  3606 | D:9      | Found a staircase to the Lair.
  3620 | Lair:1   | Entered Level 1 of the Lair of Beasts
  3842 | Lair:3   | Noticed elenap21's ghost (powerful TeAE)
  4042 | Lair:3   | Reached skill level 14 in Axes
  4061 | Lair:3   | Killed from afar by elenap21's ghost

Action                   |  1- 3 |  4- 6 |  7- 9 | 10-12 || total
-------------------------+-------+-------+-------+-------++-------
Melee: Hand axe          |    44 |    83 |   323 |   113 ||   563
Invok: Berserk           |     2 |     4 |    17 |     5 ||    28
       Trog's Hand       |       |     1 |     2 |     3 ||     6
       Brothers in Arms  |       |       |       |     2 ||     2
Evoke: Wand              |       |       |     1 |    14 ||    15
  Use: Scroll            |       |       |     9 |     3 ||    12
       Potion            |       |       |     2 |       ||     2
 Stab: Confused          |       |       |       |     1 ||     1
